Description

CHess

Replay - 2017-11-25 - (T)SpeCial VS (P)puCK

Build Order

Get SALT Encoding   

  12  0:01  SCV  
  13  0:14  SCV  
  14  0:18  Supply Depot  
  14  0:26  SCV  
  15  0:41  Barracks  
  15  0:42  Refinery  
  15  0:46  SCV  
  16  0:56  Refinery  
  16  0:58  SCV  
  17  1:10  SCV  
  18  1:27  Barracks Tech Lab  
  18  1:28  Orbital Command  
  18  1:44  Supply Depot  
  18  1:46  Marauder, Concussive Shells  
  20  1:54  SCV  
  21  2:07  Marauder  
  23  2:10  Bunker  
  24  2:19  Factory  
  24  2:22  SCV  
  24  2:29  Marauder  
  26  2:34  SCV  
  27  2:39  Supply Depot  
  27  2:46  SCV  
  29  3:04  Cyclone  
  32  3:06  Starport  
  33  3:13  Supply Depot  
  34  3:28  Liberator  
  34  3:39  Command Center  
  37  3:54  Cyclone  
  41  4:03  Supply Depot  
  42  4:28  Viking  
  45  4:31  Factory Reactor  
  46  4:51  Orbital Command  
  43  5:16  Cyclone  
  45  5:24  Cyclone  
  45  5:25  Orbital Command  
  45  5:26  Liberator  
  45  5:39  Factory  
  49  5:56  Cyclone  
  54  6:07  Refinery x2  
  56  6:12  Cyclone  
  59  6:22  Factory Reactor  
  63  6:43  Cyclone  
  68  6:50  Cyclone  
  72  7:02  Cyclone x2  
Spawning Tool Build Advisor. Get it on Overwolf

Analysis

Chess

Go to:

Details

  • Created by: GhostMarine
  • Published on: Nov 27, 2017
  • Modified on: Nov 27, 2017
  • Patch: 4.0.0
Show
View Real Time Build Order
Export as new Build Order

Comments (0)

There are no comments. Be the first!

Create an account to comment!